 Dungeon Crawl Stone Soup version 0.27.1-33-g824d729ab1 (webtiles) character file.

Game seed: 1501478851288299195

103019 hilljack the Peltast (level 16, -1/97 HPs)
             Began as a Gargoyle Ice Elementalist on Dec 5, 2021.
             Was the Champion of Qazlal.
             Slain by a jumping spider (13 damage)
             ... on level 3 of the Lair of Beasts.
             The game lasted 01:23:28 (33481 turns).

hilljack the Peltast (Gargoyle Ice Elementalist)   Turns: 33481, Time: 01:23:28

Health: -1/97      AC: 12    Str: 21    XL:     16   Next: 34%
Magic:  4/23       EV: 19    Int: 25    God:    Qazlal [******]
Gold:   1211       SH: 28    Dex: 10    Spells: 8/25 levels left

rFire    + + +     SeeInvis +   a - +10 spear of Fee Simple {flame, Contam *Corrode Will++ Str+9}
rCold    + + +     Faith    .   B - +2 shield of Resistance {rF++ rC++ Will++}
rNeg     + . .     Spirit   .   D - +1 leather armour {rC+}
rPois    ∞         Reflect  +   t - +2 helmet {SInv}
rElec    +         Harm     .   v - scarf {+Inv}
rCorr    .         Rampage  .   K - +1 pair of gloves
Will     +++++                  S - +1 pair of boots "Vovoi" {rElec Int+2}
Stlth    +.........             e - amulet of reflection
HPRegen  0.26/turn              P - +4 ring of evasion
MPRegen  0.18/turn              l - ring of the Voivode {Wiz *Slow +Blink rF+++ Slay-3}

@: about to teleport, protected from physical damage, corroded, flying, repel
missiles
A: sickness immunity, AC +12, big wings, negative energy resistance 1,
electricity resistance, torment resistance 1, petrification resistance
a: Renounce Religion, Evoke Blink, Evoke Invisibility, Upheaval, Elemental
Force, Disaster Area


You were on level 3 of the Lair of Beasts.
You worshipped Qazlal.
Qazlal was exalted by your worship.
You visited 5 branches of the dungeon, and saw 25 of its levels.
You also visited: Volcano.

You collected 3936 gold pieces.
You spent 2725 gold pieces at shops.

Inventory:

Hand Weapons
 a - the +10 spear of Fee Simple (weapon) {flame, Contam *Corrode Will++ Str+9}
   (You took it off a spriggan on level 10 of the Dungeon)

   It burns those it strikes, dealing additional fire damage.
   Str:       It affects your strength (+9).
   Contam:    It causes magical contamination when unequipped.
   *Corrode:  It may corrode you when you take damage.
   Will:      It greatly increases your willpower.
Missiles
 h - 117 sling bullets
 j - 778 stones
 p - 94 poisoned darts
 q - 40 arrows
 Q - 7 datura-tipped darts
 W - 6 curare-tipped darts
Armour
 t - a +2 helmet of see invisible (worn)
 v - a scarf of invisibility (worn)
 B - the +2 shield of Resistance (worn) {rF++ rC++ Will++}
   (You bought it in a shop on level 2 of the Orcish Mines)

   rF:        It greatly protects you from fire.
   rC:        It greatly protects you from cold.
   Will:      It greatly increases your willpower.
 D - a +1 leather armour of cold resistance (worn)
 K - a +1 pair of gloves (worn)
 S - the +1 pair of boots "Vovoi" (worn) {rElec Int+2}
   (You bought it in a shop on level 2 of the Dungeon)

   Int:       It affects your intelligence (+2).
   rElec:     It insulates you from electricity.
Magical Staves
 b - a staff of cold
Jewellery
 d - a ring of magical power
 e - an amulet of reflection (around neck)
 l - the ring of the Voivode (right hand) {Wiz *Slow +Blink rF+++ Slay-3}
   (You bought it in a shop on level 2 of the Orcish Mines)

   [ring of wizardry]

   It improves your spell success rate.
   Slay:      It affects your accuracy & damage with ranged weapons and melee
   (-3).
   rF:        It renders you almost immune to fire.
   +Blink:    It lets you blink.
   *Slow:     It may slow you when you take damage.
 s - a ring of resist corrosion
 P - a +4 ring of evasion (left hand)
Wands
 u - a wand of paralysis (32)
 A - a wand of flame (19)
 G - a wand of digging (2)
 M - a wand of charming (28)
 O - a wand of mindburst (38)
 R - a wand of acid (15)
 Z - a wand of iceblast (4)
Scrolls
 c - 2 scrolls of vulnerability
 n - 5 scrolls of fear
 x - a scroll of enchant weapon
 y - 10 scrolls of enchant armour
 z - 7 scrolls of identify
 C - 5 scrolls of torment
 H - 4 scrolls of magic mapping
 L - 2 scrolls of teleportation
 T - 2 scrolls of fog
Potions
 f - 4 potions of curing
 g - 3 potions of lignification
 i - a potion of heal wounds
 k - a potion of resistance
 m - a potion of attraction
 o - 6 potions of haste
 r - 2 potions of cancellation
 w - 4 potions of might
 J - 3 potions of brilliance
 N - a potion of magic
 X - a potion of berserk rage
Miscellaneous
 I - a phantom mirror


   Skills:
 - Level 10.0 Fighting
 - Level 5.0(8.5) Polearms
 - Level 11.5(12.0) Staves
 - Level 10.0 Armour
 - Level 10.0 Dodging
 - Level 2.1 Stealth
 - Level 15.0 Shields
 - Level 5.0 Spellcasting
 + Level 4.6 Conjurations
 - Level 10.6 Ice Magic
 + Level 6.0 Air Magic


You had 8 spell levels left.
You knew the following spells:

 Your Spells              Type           Power      Damage    Failure   Level
a - Freeze                Ice            100%       1d11      1%          1
b - Frozen Ramparts       Ice            100%       1d12      1%          3
c - Ozocubu's Armour      Ice            56%        N/A       1%          3
d - Freezing Cloud        Conj/Ice/Air   20%        6-21      6%          5
e - Lee's Rapid Deconstr  Erth           3%         3d6*      65%         5

Your spell library contained the following spells:

 Spells                   Type           Power      Damage    Failure   Level
 Ensorcelled Hibernation  Hex/Ice        64%        N/A       1%          2
 Hailstorm                Conj/Ice       44%        3d10      1%          4
 Mephitic Cloud           Conj/Pois/Air  24%        N/A       2%          3
 Animate Skeleton         Necr           12%        N/A       3%          1
 Corona                   Hex            6%         N/A       3%          1
 Pain                     Necr           24%        1d5       3%          1
 Gell's Gravitas          Tloc           3%         N/A       11%         3
 Ignite Poison            Fire/Tmut/Pois 6%         N/A       11%         3
 Lesser Beckoning         Tloc           3%         N/A       11%         3
 Teleport Other           Tloc           6%         N/A       11%         3
 Tukima's Dance           Hex            6%         N/A       11%         3
 Vampiric Draining        Necr           3%         2d6       11%         3
 Fulminant Prism          Conj/Hex       8%         3d7       14%         4
 Iskenderun's Mystic Bla  Conj/Tloc      17%        2d5       14%         4
 Fireball                 Conj/Fire      8%         3d6       36%         5
 Bolt of Magma            Conj/Fire/Erth 7%         4d6       45%         5
 Summon Mana Viper        Hex/Summ       6%         N/A       65%         5
 Dispersal                Tloc           3%         N/A       99%         6


Dungeon Overview and Level Annotations

Branches:
Dungeon (15/15)            Temple (1/1) D:4            Lair (6/6) D:11
  Swamp (0/4) Lair:2       Spider (1/4) Lair:3        Slime (0/5) Lair:5
    Orc (2/2) D:9             Elf (0/3) Orc:2        Vaults (0/5) D:13
 Depths (0/5) D:15        Volcano (visited)

Altars:
Ashenzari
Cheibriados
Dithmenos
Elyvilon
Fedhas
Gozag
Hepliaklqana
Kikubaaqudgha
Makhleb
Nemelex Xobeh
Okawaru
Qazlal
Ru
Sif Muna
Trog
Uskayaw
Vehumet
Wu Jian
Xom
Yredelemnul
Zin
The Shining One
Beogh
Jiyva

Shops:
D:2 [   D:3 *   Orc:2 **[*

Annotations:
D:12 2 transporters, pkoi's ghost, journeyman DrCj
D:13 3 runed translucent doors
Spider:1 Rupert
Orc:1 2 transporters


Innate Abilities, Weirdness & Mutations

You are immune to sickness and miasma.
Your stone body is resilient. (AC +12)
You are immune to poison.
Your large and strong wings let you fly.
You resist negative energy. (rN+)
You are resistant to electric shocks. (rElec)
You are resistant to unholy torment.
You are immune to petrification.


Message History

The wraith is engulfed in blazing flames.
The wraith resists.
The wall freezes the wraith.
The demonic crawler resists.
The wall freezes the demonic crawler.
The demonic crawler hits you but does no damage. x2
The demonic crawler barely misses you.
The wolf spider is engulfed in blazing flames.
You kill the wolf spider!
Qazlal accepts your kill.
The wall freezes the redback.
The demonic crawler resists.
The wall freezes the demonic crawler.
You block the demonic crawler's attack. The demonic crawler barely misses you.
You block the demonic crawler's attack.
The wall freezes the boulder beetle!
The boulder beetle bites you!!
You feel more protected from physical attacks.
The wall freezes the entropy weaver.
The entropy weaver misses you.
The entropy weaver completely misses you. x2
The entropy weaver hits you but does no damage.
The frozen ramparts melt away.
You fly upwards.
Welcome back to the Lair of Beasts!
Your icy armour cracks and falls away as you move.
There is a hole to the Spider Nest here.
As you read the scroll of teleportation, it crumbles to dust.
You feel strangely unstable. The jumping spider closely misses you.
You block the jumping spider's attack.
You block the demonic crawler's attack. x3
You block the jumping spider's attack.
The jumping spider bites you but does no damage.
The entropy weaver gestures at you while chanting.
The entropic weave corrodes you! The boulder beetle bites you.
* * * LOW HITPOINT WARNING * * *
You feel more protected from physical attacks.
You block the demonic crawler's attack. x2; The demonic crawler misses you.
The demonic crawler hits you but does no damage.
The demonic crawler hits you!
* * * LOW HITPOINT WARNING * * *
You block the demonic crawler's attack. The boulder beetle closely misses you.
You see here a wolf spider corpse.
The entropy weaver points at you and mumbles some strange words.
The entropic weave corrodes you! The demonic crawler hits you!
* * * LOW HITPOINT WARNING * * *
You block the demonic crawler's attack. x2; The jumping spider pounces on you!
You die...

...........#.#..............#
.##........................######
.................................
.....P.#.#......###..............
..P..#####....###.#..............
.....P# #...##.B.#...........#..
.....#####..##§○○B##.#........#..
..#..# #...##^°ss.####P.......#..
..#..# ##..#.^§^@## ##.......#..
..#..## #.##..^^#######........P+
.<....# ###^^^..###...#..........
PP#..######...###................
........##^^.##..................
............##...####............
............#.....# #..P.####....
..##........###.#####..#####.....
.###..##.#### #.###.....###.#....


You could see a boulder beetle, an entropy weaver, a demonic crawler and a
jumping spider.

Vanquished Creatures
  Jorgrun (D:11)
  Nessos (Lair:4)
  A fire dragon (Volcano)
  An ettin (Orc:2)
  The ghost of JBAR the Cleaver, a journeyman MiGl of Lugonu (D:10)
  2 ice dragons
  A boulder beetle (D:15)
  2 catoblepae
  5 hydras
  A hydra (shapeshifter) (D:15)
  An ogre mage (D:12)
  2 centaur warriors
  11 death yaks
  2 death knights
  9 two-headed ogres
  A hell hog (Volcano)
  6 skeletal warriors (D:15)
  5 orc knights
  A wizard (D:13)
  5 deep elf pyromancers
  A phantasmal warrior (D:11)
  9 ugly things
  4 cyclopes
  5 wolf spiders
  A salamander (D:15)
  3 manticores
  2 orb spiders (Spider:1)
  An orc sorcerer (Orc:2)
  6 black mambas
  6 elephants (Lair:5)
  Maurice (Orc:1)
  2 molten gargoyles (Volcano)
  25 cane toads
  A torpor snail (Lair:5)
  7 komodo dragons
  5 yaktaurs (D:15)
  A tengu conjurer (D:15)
  4 freezing wraiths
  A demonic crawler (Spider:1)
  5 trolls
  7 polar bears
  3 meliai (D:14)
  3 tyrant leeches (Lair:2)
  6 hornets
  7 jumping spiders
  7 blink frogs
  A dream sheep (Lair:6)
  Sigmund (D:6)
  17 spriggans
  5 tarantellas (Spider:1)
  2 water elementals (D:15)
  21 redbacks
  50 yaks
  A vampire (D:10)
  2 wyverns
  3 wraiths
  4 basilisks
  2 fire bats (Volcano)
  9 vampire mosquitoes
  4 steam dragons
  A warg (Orc:2)
  2 acid dragons
  20 water moccasins
  A swamp drake (D:9)
  3 hell hounds (Volcano)
  6 black bears
  A hornet zombie (D:9)
  33 orc warriors
  An ice beast (D:6)
  3 ogres
  28 wolves
  4 boggarts (Lair:6)
  13 centaurs
  11 bullfrogs
  2 water moccasin skeletons
  A vampire bat (D:4)
  15 killer bees
  8 wights
  4 electric eels
  6 howler monkeys
  8 lava snakes (Volcano)
  2 centaur zombies
  3 jellies
  2 hounds
  6 orc priests
  A gnoll shaman (D:10)
  Jessica (D:3)
  Ijyb (D:4)
  2 iguanas (D:4)
  16 orc wizards
  A hound zombie (D:5)
  A hound skeleton (D:5)
  A howler monkey zombie (D:8)
  4 gnolls (D:10)
  4 adders
  2 shadow imps (D:6)
  4 white imps
  An ufetubus (D:6)
  An adder skeleton (D:4)
  A worm (D:2)
  2 dart slugs (D:1)
  80 orcs
  6 ball pythons
  2 bat skeletons (D:4)
  4 bat zombies (D:4)
  14 endoplasms
  3 giant cockroaches
  6 goblins
  12 hobgoblins
  4 quokkas
  4 bats
  2 frilled lizards (D:1)
  12 kobolds
  7 rats
  A bush (D:3)
688 creatures vanquished.

Vanquished Creatures (others)
  A manticore (D:12)
  A spriggan (Lair:6)
  A kobold (D:3)
  35 fungi
  43 plants
  6 toadstools (D:3)
87 creatures vanquished.

Grand Total: 775 creatures vanquished

Notes
Turn   | Place    | Note
-------+----------+-------------------------------------------
     0 | D:1      | hilljack the Gargoyle Ice Elementalist began the quest for
                  | the Orb.
     0 | D:1      | Reached XP level 1. HP: 10/10 MP: 3/3
   255 | D:1      | Reached XP level 2. HP: 11/15 MP: 1/5
   792 | D:1      | Reached XP level 3. HP: 18/19 MP: 0/6
   796 | D:1      | Learned a level 3 spell: Frozen Ramparts
  1093 | D:1      | Reached skill level 5 in Ice Magic
  1398 | D:1      | Found a faded altar of an unknown god.
  2074 | D:2      | Found an ancient bone altar of Kikubaaqudgha.
  2130 | D:2      | Reached XP level 4. HP: 22/24 MP: 5/7
  2134 | D:2      | Learned a level 3 spell: Ozocubu's Armour
  2322 | D:2      | Found Vioreq's Armour Shop.
  2448 | D:3      | Found Bicekk's General Store.
  2742 | D:3      | Found a blossoming altar of Fedhas.
  2763 | D:3      | Found a hide-covered altar of Uskayaw.
  2763 | D:3      | Found a white marble altar of Elyvilon.
  2955 | D:3      | Noticed Jessica
  2962 | D:3      | Killed Jessica
  3335 | D:3      | Found a broken altar of Ashenzari.
  3490 | D:3      | Reached XP level 5. HP: 22/28 MP: 1/8
  4019 | D:4      | Noticed a black bear
  4030 | D:4      | Killed a black bear
  4031 | D:4      | Reached XP level 6. HP: 14/32 MP: 2/9
  4220 | D:4      | Noticed Ijyb
  4229 | D:4      | Paralysed by Ijyb for 4 turns
  4236 | D:4      | Killed Ijyb
  4678 | D:4      | Found a staircase to the Ecumenical Temple.
  4687 | Temple   | Entered the Ecumenical Temple
  4749 | Temple   | Became a worshipper of Qazlal Stormbringer
  5142 | D:4      | Found an ancient bone altar of Kikubaaqudgha.
  5156 | D:4      | Reached XP level 7. HP: 35/36 MP: 10/10
  5218 | D:5      | Entered Level 5 of the Dungeon
  6100 | D:5      | Reached XP level 8. HP: 38/41 MP: 7/11
  6538 | D:6      | Reached skill level 10 in Ice Magic
  6538 | D:6      | Reached skill level 1 in Armour
  7204 | D:6      | Reached * piety under Qazlal
  7326 | D:6      | Reached skill level 5 in Armour
  7447 | D:6      | Noticed Sigmund
  7477 | D:6      | Killed Sigmund
  7713 | D:6      | Found a bloodstained altar of Trog.
  8277 | D:7      | Found a shimmering altar of Xom.
  8299 | D:7      | Reached XP level 9. HP: 28/45 MP: 8/12
  8508 | D:7      | Found a burning altar of Makhleb.
  9681 | D:8      | Found an ornate altar of the Wu Jian Council.
  9799 | D:8      | Reached ** piety under Qazlal
  9802 | D:8      | Reached skill level 10 in Armour
 10016 | D:8      | Reached skill level 5 in Fighting
 10016 | D:8      | Reached XP level 10. HP: 53/59 MP: 6/13
 10082 | D:8      | Learned a level 5 spell: Lee's Rapid Deconstruction
 10488 | D:9      | Found a staircase to the Orcish Mines.
 10938 | D:9      | Noticed a two-headed ogre
 10947 | D:9      | Killed a two-headed ogre
 11376 | D:9      | Found a radiant altar of Vehumet.
 11433 | D:9      | Reached skill level 10 in Fighting
 11433 | D:9      | Reached skill level 1 in Polearms
 11729 | D:9      | Found a glowing silver altar of Zin.
 11729 | D:9      | Noticed an angel
 11804 | D:9      | Reached *** piety under Qazlal
 12011 | D:10     | Entered Level 10 of the Dungeon
 12110 | D:10     | Found a shadowy altar of Dithmenos.
 12208 | D:10     | Found a runed translucent door.
 12212 | D:10     | Identified the +10 spear of Fee Simple {flame, Contam
                  | *Corrode Will++ Str+9}
 12212 | D:10     | Noticed JBAR's ghost (journeyman MiGl)
 12266 | D:10     | Reached XP level 11. HP: 64/72 MP: 7/14
 12682 | D:11     | Noticed a two-headed ogre
 12715 | D:10     | Killed a two-headed ogre
 12716 | D:10     | Reached skill level 5 in Polearms
 13178 | D:11     | Noticed a death yak
 13216 | D:11     | Killed a death yak
 13331 | D:11     | Noticed a death yak
 13334 | D:11     | Noticed a death yak
 13350 | D:11     | Noticed a death yak
 13351 | D:11     | Noticed a death yak
 13355 | D:11     | Killed a death yak
 13362 | D:11     | Killed a death yak
 13368 | D:11     | Killed a death yak
 13369 | D:11     | Reached skill level 5 in Staves
 13372 | D:11     | Killed a death yak
 13431 | D:11     | Found a staircase to the Lair.
 13462 | D:11     | Noticed a two-headed ogre
 13471 | D:11     | Killed a two-headed ogre
 14073 | Lair:1   | Entered Level 1 of the Lair of Beasts
 14400 | Lair:1   | Reached XP level 12. HP: 53/77 MP: 8/15
 14856 | Lair:1   | Reached skill level 10 in Staves
 15440 | Lair:2   | Noticed a four-headed hydra
 15445 | Lair:2   | Found a dark tunnel.
 15454 | Volcano  | Entered a volcano
 15873 | Volcano  | Found a burning altar of Makhleb.
 15873 | Volcano  | Noticed a hell hog
 15881 | Volcano  | Killed a hell hog
 15881 | Volcano  | Reached **** piety under Qazlal
 16097 | Volcano  | Noticed a fire dragon
 16105 | Volcano  | Killed a fire dragon
 16475 | Lair:2   | Noticed a seven-headed hydra
 16484 | Lair:2   | Killed a four-headed hydra
 16680 | Lair:2   | Found a staircase to the Swamp.
 16686 | Lair:2   | Identified a scroll of acquirement
 16686 | Lair:2   | Acquired 902 gold pieces
 16723 | Lair:2   | Killed a seven-headed hydra
 16724 | Lair:2   | Reached skill level 5 in Dodging
 17575 | Lair:3   | Noticed a seven-headed hydra
 17598 | Lair:3   | Killed a seven-headed hydra
 17599 | Lair:3   | Reached XP level 13. HP: 72/82 MP: 9/16
 18333 | Lair:3   | Found a hole to the Spider Nest.
 18745 | Orc:1    | Entered Level 1 of the Orcish Mines
 18790 | Orc:1    | Noticed Maurice
 18805 | Orc:1    | Killed Maurice
 20341 | Lair:4   | Found a hide-covered altar of Uskayaw.
 20431 | Lair:4   | Noticed Nessos
 20440 | Lair:4   | Killed Nessos
 20600 | Lair:4   | Identified the +1 shortbow of Yredelemnul {freeze, Dex+5}
 21096 | D:3      | Bought a potion of brilliance for 52 gold pieces
 21096 | D:3      | Bought the Grimoire of Supportive Battle Magic for 468 gold
                  | pieces
 21096 | D:3      | Bought a potion of brilliance for 52 gold pieces
 21241 | D:10     | Killed JBAR's ghost
 21451 | Lair:5   | Reached ***** piety under Qazlal
 21478 | Lair:5   | Reached skill level 10 in Dodging
 21578 | Lair:5   | Gained mutation: Your large and strong wings let you fly.
                  | [Gargoyle growth]
 21578 | Lair:5   | Reached XP level 14. HP: 77/88 MP: 3/19
 21768 | Lair:5   | Reached skill level 5 in Spellcasting
 21784 | Lair:5   | Learned a level 5 spell: Freezing Cloud
 21813 | Lair:5   | Reached skill level 1 in Air Magic
 21959 | Lair:5   | Found a staircase to the Slime Pits.
 21960 | Lair:5   | Found a viscous altar of Jiyva.
 22679 | Orc:2    | Entered Level 2 of the Orcish Mines
 22773 | Orc:2    | Found a staircase to the Elven Halls.
 23340 | Orc:1    | Reached skill level 1 in Conjurations
 23398 | Orc:2    | Reached skill level 5 in Air Magic
 23940 | Orc:1    | Noticed a stone giant
 24234 | Orc:1    | Found a transporter.
 24241 | Orc:1    | Found a transporter.
 24303 | Orc:2    | Found Goloes's Assorted Antiques.
 24303 | Orc:2    | Found Xuystuna's Antique Armour Emporium.
 24303 | Orc:2    | Found Jeroshuh's General Store.
 24306 | Orc:2    | Found Ownaoj's Assorted Antiques.
 24425 | Orc:2    | Bought the +2 shield of Resistance {rF++ rC++ Will++} for
                  | 1557 gold pieces
 24425 | Orc:2    | Found the +2 shield of Resistance {rF++ rC++ Will++}
 24425 | Orc:2    | Bought a glittering platinum ring for 120 gold pieces
 24425 | Orc:2    | Identified the ring of the Voivode {Wiz *Slow +Blink rF+++
                  | Slay-3} (You bought it in a shop on level 2 of the Orcish
                  | Mines)
 24666 | D:2      | Bought a scarf of invisibility for 144 gold pieces
 24671 | D:2      | Bought the +1 pair of boots "Vovoi" {rElec Int+2} for 332
                  | gold pieces
 24959 | Lair:5   | Reached skill level 1 in Shields
 25890 | Lair:6   | Entered Level 6 of the Lair of Beasts
 25932 | Lair:5   | Reached skill level 3 in Shields
 26118 | Lair:5   | Reached ****** piety under Qazlal
 26133 | Lair:6   | Reached skill level 4 in Shields
 26246 | Lair:6   | Reached skill level 5 in Shields
 26475 | Lair:6   | Reached skill level 6 in Shields
 26807 | Lair:6   | Reached skill level 7 in Shields
 26868 | Lair:6   | Found a hazy altar of Hepliaklqana.
 26918 | Lair:6   | Reached XP level 15. HP: 92/92 MP: 16/22
 26924 | Lair:6   | Reached skill level 8 in Shields
 27228 | Lair:6   | Reached skill level 9 in Shields
 28063 | D:12     | Found a transporter.
 28073 | D:12     | Noticed pkoi's ghost (journeyman DrCj)
 28082 | D:12     | Noticed Jorgrun
 28108 | D:11     | Killed Jorgrun
 28458 | D:12     | Reached skill level 10 in Shields
 28656 | D:12     | Reached skill level 11 in Shields
 29047 | D:12     | Found a transporter.
 29962 | D:13     | Found a runed translucent gate.
 29964 | D:13     | Found a runed translucent gate.
 29967 | D:13     | Found a runed translucent gate.
 30042 | D:13     | Reached skill level 12 in Shields
 30521 | D:13     | Found a gate to the Vaults.
 31307 | D:15     | Entered Level 15 of the Dungeon
 31331 | D:15     | Reached skill level 13 in Shields
 31438 | D:15     | Noticed a caustic shrike
 31438 | D:15     | an iron troll changed into a caustic shrike
 31442 | D:15     | Noticed a golden dragon
 31442 | D:15     | a caustic shrike changed into a golden dragon
 31443 | D:15     | Noticed an acid blob
 31443 | D:15     | a golden dragon changed into an acid blob
 31445 | D:15     | Noticed an iron dragon
 31445 | D:15     | an acid blob changed into an iron dragon
 31455 | D:15     | Noticed a quicksilver dragon
 31468 | D:15     | a quicksilver dragon changed into an alligator snapping
                  | turtle
 31476 | D:15     | Noticed a shadow dragon
 31476 | D:15     | a stone giant changed into a shadow dragon
 31480 | D:15     | Noticed a golden dragon
 31480 | D:15     | a shadow dragon changed into a golden dragon
 31483 | D:15     | Noticed a shadow dragon
 31483 | D:15     | a golden dragon changed into a shadow dragon
 31485 | D:15     | a shadow dragon changed into a stone giant
 31506 | D:15     | Noticed a storm dragon
 31506 | D:15     | a dire elephant changed into a storm dragon
 31521 | D:15     | a storm dragon changed into an eight-headed hydra
 31959 | D:15     | Found a staircase to the Depths.
 32001 | D:15     | Reached XP level 16. HP: 97/97 MP: 23/23
 32090 | D:15     | Reached skill level 14 in Shields
 33417 | Spider:1 | Entered Level 1 of the Spider Nest
 33471 | Spider:1 | Reached skill level 15 in Shields
 33476 | Spider:1 | Noticed Rupert
 33481 | Lair:3   | Slain by a jumping spider

Illustrated notes

Levels and vault maps discovered:
D:1:      ncdulo_wetmaze, layout_basic, dreamdust_ecumenical_altar_statues,
          minmay_octomino_j4
D:2:      layout_rooms, basic_altar, serial_shops, nicolae_shop_behind_doors
D:3:      cheibrodos_fertilizer, layout_basic, fedhas_ov_isle_minmay,
          mainiacjoe_overflow_alcove_4, jmf_multi_god_temple, serial_shops,
          nicolae_shop_behind_doors, glass_columns_a, minmay_hedge_maze,
          uniq_jessica
D:4:      layout_basic, kennysheep_vampire_church, temple_fountains, uniq_ijyb
D:5:      layout_loops_cross
D:6:      layout_loops_corners, bloody_trog, uniq_sigmund
D:7:      layout_rooms, mainiacjoe_overflow_concentric_impassable,
          bloody_makhleb, kennysheep_dice
D:8:      layout_rooms, mainiacjoe_overflow_boulevard
D:9:      layout_basic, vehumet_crystals, zin_angel, erik_orc_1
D:10:     layout_rooms, mainiacjoe_overflow_catwalk, ebering_ghost_funeral_grove
D:11:     layout_grid_maze, dpeg_lair_monsters, small_statue_alley_a,
          minmay_misc_feat_tower, due_unseen_surprise
D:12:     layout_basic, gammafunk_ghost_stat_death, uniq_jorgrun
D:13:     layout_roguey, david_vaults_4,
          ploomutoo_gammafunk_ghost_potion_laboratory, solitary_fountain,
          kennysheep_crisscross
D:14:     layout_roguey, hangedman_abyss_or_decor_stagger, unseen_surprise_small
D:15:     hangedman_depths_entry_try_elsewhere_first, layout_basic,
          minmay_misc_feat_rows
Temple:   cyrus_temple_forest
Lair:1:   layout_chaotic_city, infiniplex_staircase_pool, grunt_megastairs_1
Lair:2:   layout_misc_corridors, minmay_swamp_entry_worms,
          nicolae_volcano_entry_two_sided
Lair:3:   layout_chaotic_city, spider_nest_entry_funnel_web, minivault_19
Lair:4:   cheibrodos_lair_river_kwai, layout_hall_layers, basic_altar,
          serial_forest, infiniplex_forest_end_2, infiniplex_forest_corner_1,
          infiniplex_forest_clump_medium, infiniplex_forest_lined_room_2,
          infiniplex_forest_clump_medium, infiniplex_forest_end_2,
          infiniplex_forest_lined_3_way, infiniplex_forest_3_way,
          infiniplex_forest_straight_1, uniq_nessos
Lair:5:   layout_loops_ring, slime_altar_1, bobbens_ice_dragon_lair,
          lemuel_fruit_fields, lemuel_fruit_tree, grunt_megastairs_3
Lair:6:   minmay_lair_end_enchanted_forest, layout_regular_city, basic_altar,
          grunt_megastairs_2
Spider:1: layout_spider_delve, nicolae_spider_orb_run, uniq_rupert,
          uniq_josephine
Orc:1:    emtedronai_trogs_sanctum, layout_diamond_mine, uniq_maurice
Orc:2:    st_orc_rangers, layout_diamond_mine, mines2_david

Skill      XL: |  1  2  3  4  5  6  7  8  9 10 11 12 13 14 15 16 |
---------------+-------------------------------------------------+-----
Ice Magic      | 5 6 7 8 9 10 | 10.6
Armour         | 7 10 | 10.0
Fighting       | 5 10 | 10.0
Polearms       | 3 5 |  5.0
Staves         | 8 11 | 11.5
Dodging        | 6 10 | 10.0
Spellcasting   | 3 5 |  5.0
Air Magic      | 5 6 |  6.0
Conjurations   | 3 4 |  4.6
Shields        | 7 13 15 | 15.0
Stealth        | |  2.1

Action                   |  1- 3 |  4- 6 |  7- 9 | 10-12 | 13-15 | 16-18 || total
-------------------------+-------+-------+-------+-------+-------+-------++-------
Melee: Unarmed           |     2 |       |       |       |       |       ||     2
       Dagger            |    39 |   169 |   101 |       |       |       ||   309
       Quarterstaff      |       |       |   129 |   312 |   399 |       ||   840
       Staff             |       |       |    35 |       |   227 |       ||   262
       Mace              |       |       |    10 |       |       |       ||    10
       Spear             |       |       |       |       |   394 |   121 ||   515
 Cast: Freeze            |    45 |     4 |     6 |    59 |    64 |       ||   178
       Frozen Ramparts   |       |     9 |    27 |    51 |   106 |     6 ||   199
       Ozocubu's Armour  |       |     2 |    10 |    29 |    50 |     5 ||    96
       Freezing Cloud    |       |       |       |       |       |     3 ||     3
Evoke: Wand              |       |       |       |       |     3 |     6 ||     9
  Use: Scroll            |       |     6 |     6 |    10 |     6 |     1 ||    29
       Potion            |       |     1 |     1 |     5 |     5 |       ||    12
 Stab: Sleeping          |     1 |     2 |     1 |       |       |       ||     4
       Petrified         |       |       |       |       |     2 |       ||     2
Armor: Robe              |    26 |     4 |       |       |       |       ||    30
       Leather armour    |       |    63 |   152 |   177 |   184 |    41 ||   617
Dodge: Dodged            |    36 |    82 |   184 |   303 |   575 |    63 ||  1243
       Repelled          |       |       |       |     1 |     5 |       ||     6
Block: Other             |     9 |    34 |   106 |   186 |   284 |       ||   619
       Reflection        |       |     3 |     1 |     7 |    72 |     8 ||    91
       Kite shield       |       |       |       |       |   690 |   182 ||   872
